 Dungeon Crawl Stone Soup version 0.29.1-13-g9f3cf754e1 (webtiles) character file.

Game seed: 10874763525606007386

55 Exodus22XD the Covered (level 3, 27/33 HPs)
             Began as a Minotaur Fighter on Feb 3, 2023.
             Was a Follower of Cheibriados.
             Quit the game on level 3 of the Dungeon.
             The game lasted 00:01:11 (1800 turns).

Exodus22XD the Covered (Minotaur Fighter)           Turns: 1800, Time: 00:01:11

Health: 27/33      AC:  7    Str: 24    XL:     3   Next: 67%
Magic:  2/2        EV:  9    Int:  7    God:    Cheibriados [*.....]
Gold:   153        SH:  4    Dex: 11    Spells: 2/2 levels left

rFire   . . .      SeeInvis .   a - +0 war axe
rCold   . . .      Faith    .   c - +0 buckler
rNeg    . . .      Spirit   .   b - +0 scale mail
rPois   .          Reflect  .   (helmet restricted)
rElec   .          Harm     .   (no cloak)
rCorr   .          Rampage  .   (no gloves)
Will    .....                   (no boots)
Stlth   ..........              (no amulet)
HPRegen 0.11/turn               (no ring)
MPRegen 0.08/turn               (no ring)

@: very slow
A: horns 2, retaliatory headbutt
a: Renounce Religion, Bend Time


You were on level 3 of the Dungeon.
You worshipped Cheibriados.
Cheibriados was aware of your devotion.
You visited 1 branch of the dungeon, and saw 3 of its levels.

You collected 153 gold pieces.

Inventory:

Hand Weapons
 a - a +0 war axe (weapon)
Armour
 b - a +0 scale mail (worn)
 c - a +0 buckler (worn)
Jewellery
 n - a ring of fire
Scrolls
 g - 3 scrolls of fog {unknown}
 h - a scroll of vulnerability {unknown}
 j - a scroll of noise {unknown}
 m - a scroll of identify {unknown}
Potions
 d - 2 potions of might
 e - a potion of resistance {unknown}
 f - a potion of mutation {unknown}
 i - a potion of brilliance {unknown}
 k - 2 potions of flight {unknown}
 l - a potion of invisibility {unknown}


   Skills:
 + Level 4.1 Fighting
 + Level 3.3 Axes
 + Level 4.2 Armour
 + Level 4.1 Shields


You had 2 spell levels left.
You didn't know any spells.
Your spell library was empty.

Dungeon Overview and Level Annotations

Branches:
Dungeon (3/15)

Altars:
Cheibriados

Shops:
D:1 (


Innate Abilities, Weirdness & Mutations

You have a pair of horns on your head.
You reflexively headbutt those who attack you in melee.


Message History

Found a stone staircase leading up.
The goblin shouts!
You hear an angry hiss.
You see here a +0 whip.
A bat comes into view.
A frilled lizard comes into view.
Found a grey potion.
The goblin hits you but does no damage.
You barely miss the goblin. The bat hits you but does no damage.
The goblin hits you with a +0 club.
You closely miss the goblin. You closely miss the bat. The bat hits you.
The bat hits you but does no damage. You block the goblin's attack.
The bat closely misses you. The goblin closely misses you.
You furiously retaliate!
You headbutt the goblin.
You kill the goblin!
The bat hits you. You block the bat's attack.
You see here a +0 club.
You barely miss the bat. Your headbutt misses the bat.
You closely miss the frilled lizard. The bat hits you but does no damage.
The frilled lizard bites you. The bat hits you but does no damage.
You slash the bat!
You kill the bat!
You closely miss the frilled lizard.
The frilled lizard completely misses you.
The frilled lizard bites you but does no damage.
You miss the frilled lizard.
The frilled lizard bites you but does no damage.
You barely miss the frilled lizard.
Your headbutt misses the frilled lizard.
The frilled lizard closely misses you. You furiously retaliate!
You headbutt the frilled lizard!
You kill the frilled lizard!
No target in view!
You see here a frilled lizard corpse.
There is a faded altar of an unknown god here.
You cannot tell which god this altar belongs to.
Convert to them anyway?
Cheibriados accepts your prayer! Cheibriados welcomes you!
Cheibriados begins to support your attributes as your movement slows.
Cheibriados is now slowing the effects of poison on you.
You can now bend time to slow others.
Cheibriados raises the support of your attributes as your movement slows.
Are you sure you want to abandon this character and quit the game? (Confirm with "yes".)

.... #....#
#.# ....#
#.###.####.#
..). #.
#).....# ..#
###.###.##.###
##
#.......##..#
##.....)†.!.#
#....##†##.#
#.<#.#...#.#
#..#...@...#
#. #.#...#.# #
...##.##.#
#... ... # #..
##. ... .# ##


There were no monsters in sight!

Vanquished Creatures
  An adder (D:2)
  2 worms (D:2)
  A dart slug (D:2)
  4 endoplasms
  6 giant cockroaches
  2 goblins
  4 hobgoblins
  A kobold (D:2)
  3 ball pythons (D:1)
  4 bats
  7 frilled lizards
  3 rats (D:1)
38 creatures vanquished.

Notes
Turn   | Place    | Note
-------+----------+-------------------------------------------
     0 | D:1      | Exodus22XD the Minotaur Fighter began the quest for the
                  | Orb.
     0 | D:1      | Reached XP level 1. HP: 19/19 MP: 0/0
   230 | D:1      | Reached XP level 2. HP: 27/27 MP: 1/1
   233 | D:1      | Found Lyiluq's Weapon Boutique.
  1127 | D:2      | Reached XP level 3. HP: 33/33 MP: 2/2
  1785 | D:3      | Found a faded altar of an unknown god.
  1799 | D:3      | Prayed at the altar of an unknown god.
  1799 | D:3      | Became a worshipper of Cheibriados the Contemplative
  1799 | D:3      | Reached * piety under Cheibriados
  1800 | D:3      | Quit the game

Illustrated notes

Levels and vault maps discovered:
D:1:      co_arrival_random_square_maze, layout_basic, serial_shops,
          nicolae_shop_stone
D:2:      layout_basic
D:3:      layout_loops_ring, ebering_ecumenical_altar_box, minmay_lizard_king

Skill      XL: |  1  2  3 |
---------------+----------+-----
Fighting       | 4 |  4.1
Armour         | 4 |  4.2
Shields        | 4 |  4.1
Axes           | 3 |  3.3

Action                   || total
-------------------------++-------
Melee: War axe           ||    83
       Headbutt          ||    14
Armor: Scale mail        ||    46
Dodge: Dodged            ||    27
Block: Buckler           ||    16
